 Dungeon Crawl Stone Soup version 0.28-a0-845-gfc338a8e3c (webtiles) character file.

Game seed: 6546720586117204701

247904 sanka the Tortoise (level 18, 0/159 HPs)
             Began as a Palentonga Monk on Nov 4, 2021.
             Was the Champion of Okawaru.
             Shot with a bolt by a yaktaur (12 damage)
             ... on level 1 of the Vaults on Nov 12, 2021.
             The game lasted 01:53:13 (48035 turns).

sanka the Tortoise (Palentonga Monk)               Turns: 48035, Time: 01:53:13

Health: 0/159      AC: 55    Str: 25    XL:     18   Next: 83%
Magic:  29/29      EV:  8    Int: 15    God:    Okawaru [******]
Gold:   5711       SH:  7    Dex: 13    Spells: 17/17 levels left

rFire   + + .      SeeInvis +   a - +9 broad axe (spect)
rCold   + . .      Faith    +   H - +3 warlock's mirror {reflect}
rNeg    + . .      Spirit   .   t - +7 plate armour of Negligence {Str+4}
rPois   +          Reflect  +   Z - -2 hat of the Alchemist {rElec rPois rF+ rC+ rN+ Will+ rMut rCorr}
rElec   +          Harm     .   d - +0 cloak {rCorr}
rCorr   +          Rampage  .   T - +1 pair of gloves {Stlth+}
rMut    +                       W - +3 barding of Courage {rF+ Int+5 Dex-2}
Will    ++...                   p - amulet of faith
Stlth   ..........              v - ring of the Tortoise {AC+8}
HPRegen 0.36/turn               e - +4 ring of protection
MPRegen 0.21/turn

@: marked, curled up
A: large, rugged brown scales 3, see invisible, deformed body, roll 1, armoured
tail, reflexive curl
}: 2/15 runes: decaying, gossamer
a: Rolling Charge, Renounce Religion, Heroism, Finesse, Duel


You were on level 1 of the Vaults.
You worshipped Okawaru.
Okawaru was exalted by your worship.
You visited 7 branches of the dungeon, and saw 33 of its levels.
You also visited: Sewer, Ossuary, Bailey, Gauntlet and Ice Cave.

You collected 7222 gold pieces.
You spent 1511 gold pieces at shops.


Innate Abilities, Weirdness & Mutations

You are completely covered in rugged brown scales. (AC +3, +7% HP)
You have supernaturally acute eyesight. (SInv)
Armour fits poorly on your strangely shaped body.
You can roll at nearby foes to attack.
You have a long armoured tail.
You curl defensively after being hit. (AC +7*)


   Skills:
 - Level 15.0 Fighting
 - Level 13.0 Axes
 + Level 18.8 Armour
 - Level 12.0 Dodging
 - Level 1.2 Stealth
 - Level 2.4 Shields
 - Level 15.0 Invocations
 - Level 8.0 Evocations


You had 17 spell levels left.
You didn't know any spells.
Your spell library contained the following spells:

 Spells                   Type           Power      Damage    Failure   Level
 Beastly Appendage        Tmut           0%         N/A       83%         1
 Magic Dart               Conj           0%         1d3       83%         1
 Slow                     Hex            0%         N/A       83%         1
 Blink                    Tloc           0%         N/A       93%         2
 Corpse Rot               Necr/Air       0%         N/A       93%         2
 Poisonous Vapours        Pois/Air       0%         N/A       93%         2
 Scorch                   Fire           0%         2d5       93%         2
 Static Discharge         Conj/Air       0%         N/A       93%         2
 Wereblood                Tmut           0%         N/A       93%         2
 Confusing Touch          Hex            0%         N/A       99%         3
 Mephitic Cloud           Conj/Pois/Air  0%         N/A       99%         3
 Portal Projectile        Hex/Tloc       0%         N/A       99%         3
 Spider Form              Tmut/Pois      0%         N/A       99%         3
 Vampiric Draining        Necr           0%         2d6       99%         3
 Airstrike                Air            0%         N/A       100%        4
 Flame Wave               Conj/Fire      0%         3d3       100%        4
 Blade Hands              Tmut           0%         N/A       100%        5
 Excruciating Wounds      Necr           0%         N/A       100%        5
 Iskenderun's Battlesphe  Conj           0%         2d6       100%        5
 Lightning Bolt           Conj/Air       0%         1d11      100%        5
 Manifold Assault         Tloc           0%         N/A       100%        5
 Conjure Ball Lightning   Conj/Air       0%         3x3d6     100%        6
 Iron Shot                Conj/Erth      0%         9d1       100%        6
 Storm Form               Tmut/Air       0%         N/A       100%        7
 Discord                  Hex            0%         N/A       100%        8
 Disjunction              Tloc           0%         N/A       100%        8
 Maxwell's Capacitive Co  Air            0%         ∞         100%        8
 Call Imp                 Summ           Unusable   N/A       N/A         2
 Summon Lightning Spire   Summ/Air       Unusable   N/A       N/A         4
 Summon Cactus Giant      Summ           Unusable   N/A       N/A         6
 Spellforged Servitor     Conj/Summ      Unusable   N/A       N/A         7

Inventory:

Hand Weapons
 a - a +9 spectral broad axe (weapon)
 b - a +2 whip of electrocution
 m - the +8 broad axe of the Lumpy Princes {vorpal, Str+4}

   It inflicts extra damage upon your enemies.
   Str:       It affects your strength (+4).
Missiles
 g - 17 curare-tipped darts (quivered) {=f}
 F - 4 silver javelins
Armour
 d - a +0 cloak of preservation (worn)
 s - a +1 barding of flying
 t - the +7 plate armour of Negligence (worn) {Str+4}

   Str:       It affects your strength (+4).
 H - the +3 warlock's mirror (worn) {reflect}

   It can block and reflect piercing ranged attacks and magical attacks against
   the wielder's willpower.
 M - a +2 helmet of intelligence
 T - a +1 pair of gloves of stealth (worn)
 W - the +3 barding of Courage (worn) {rF+ Int+5 Dex-2}

   Int:       It affects your intelligence (+5).
   Dex:       It affects your dexterity (-2).
   rF:        It protects you from fire.
 Z - the -2 hat of the Alchemist (worn) {rElec rPois rF+ rC+ rN+ Will+ rMut rCorr} rF: It protects you from fire. rC: It protects you from cold. rElec: It insulates you from electricity. rPois: It protects you from poison. rN: It protects you from negative energy. rCorr: It protects you from acid and corrosion. rMut: It protects you from mutation. Will: It increases your willpower.
Jewellery
 e - a +4 ring of protection (right hand)
 p - an amulet of faith (around neck)
 v - the ring of the Tortoise (left hand) {AC+8}

   [ring of protection]

   AC:        It affects your AC (+8).
 D - a ring of protection from fire
 P - a ring of protection from cold
Wands
 j - a wand of polymorph (5)
 C - a wand of iceblast (76)
 E - a wand of digging (28)
 J - a wand of acid (7)
 Q - a wand of mindburst (53)
 V - a wand of paralysis (35)
Scrolls
 f - 2 scrolls of silence {!r}
 i - 4 scrolls of holy word
 l - 7 scrolls of vulnerability {!r}
 q - 3 scrolls of fear
 r - 4 scrolls of enchant armour
 x - 10 scrolls of fog
 B - 3 scrolls of immolation {!r}
 O - 7 scrolls of magic mapping
 S - 15 scrolls of teleportation {@r4}
 U - 3 scrolls of blinking
Potions
 c - 9 potions of haste {@q3}
 h - 9 potions of curing {@q1}
 k - 3 potions of lignification {!q}
 n - 3 potions of heal wounds {@q2}
 o - 4 potions of flight
 u - 4 potions of mutation {!q}
 w - 5 potions of cancellation
 z - a potion of might
 I - 4 potions of ambrosia
 K - 5 potions of attraction {!q}
 L - a potion of invisibility
 R - 3 potions of resistance
 X - a potion of berserk rage {!q}
Miscellaneous
 y - a condenser vane
 G - a lightning rod (4/4)
 N - a phial of floods

Dungeon Overview and Level Annotations

Branches:
Dungeon (15/15)            Temple (1/1) D:5            Lair (6/6) D:8
  Swamp (4/4) Lair:2       Spider (4/4) Lair:4        Slime (0/5) Lair:5
    Orc (2/2) D:9             Elf (0/3) Orc:2        Vaults (1/5) D:13
 Depths (0/4) D:15          Sewer (visited)         Ossuary (visited)
 Bailey (visited)           IceCv (visited)         Gauntlet (visited)

Altars:
Cheibriados
Dithmenos
Gozag
Makhleb
Okawaru
Qazlal
Ru
Trog
Uskayaw
Vehumet
Yredelemnul
The Shining One
Beogh

Shops:
D:6 (   D:8 *   D:9 [   D:10 (   D:12 :   Orc:2 [[*[(

Portals:
Wizlab: Vaults:1

Annotations:
Vaults:1 Saint Roka

▒)[).[....▒ ▒.......▒▒≈≈
▒∩)▒......▒ ▒........▒▒≈
▒..▒......▒ ▒..)......▒▒
▒..▒▒▒▒▒▒▒▒ ▒...........
▒..▒▒▒▒▒▒▒▒▒▒▒▒▒▒▒▒▒▒▒c..=.......
▒..'.........▒......c'co.co......
...▒.........▒.......▒▒▒▒▒'▒▒▒▒▒▒
...▒.[.......▒.......▒,,,,.J.,░░░
▒▒▒▒.........'..Hh..)+,░,,.....,,
,░ ▒.........▒.......▒░░░░▒..▒..,
,░ ▒.........▒.......▒░,,,,.(.,.,
,░ ▒▒▒▒▒▒▒▒▒▒▒▒▒▒▒▒▒▒▒░,░,,...▒░░
,░ ░,,,,,,,,░, ,░ ░░░░░,,,,,, ,░
░░░░░░░ ░░


You could see Saint Roka, 3 yaktaurs and a warg.


Message History

Saint Roka calls down the wrath of Beogh upon you.
Beogh smites you!
* * * LOW HITPOINT WARNING * * *
Saint Roka calls down the wrath of Beogh upon you.
Beogh smites you!
* * * LOW HITPOINT WARNING * * *
A yaktaur breaks down the door.
Two slime creatures merge to form a large slime creature.
A yaktaur comes into view.
Found 21 stones.
A large slime creature comes into view.
You see here a ring of the Octopus King {rCorr AC+1 EV+1 Str+1 Int+1 Dex+1}.
A slime creature comes into view.
A yaktaur comes into view.
The yaktaur wields a +0 arbalest.
The yaktaur shoots a bolt.
The bolt hits you.
* * * LOW HITPOINT WARNING * * *
Two slime creatures merge to form a very large slime creature.
You block the warg's attack.
Items here: ( )) =.
The warg seems to regain its courage.
There is an open door, spattered with blood here.
The yaktaur shoots a bolt.
The bolt hits you but does no damage. The warg bites you but does no damage.
The yaktaur wields a +0 arbalest.
The yaktaur shoots a bolt.
The bolt hits you!
You die...

Action                   |  1- 3 |  4- 6 |  7- 9 | 10-12 | 13-15 | 16-18 || total
-------------------------+-------+-------+-------+-------+-------+-------++-------
Melee: Hand axe          |   128 |   247 |    95 |       |       |       ||   470
       Tailslap          |    18 |    32 |    47 |    73 |   166 |   207 ||   543
       Unarmed           |       |     7 |       |       |       |       ||     7
       Whip              |       |       |    47 |    16 |   110 |    70 ||   243
       Battleaxe         |       |       |   169 |   115 |       |       ||   284
       Broad axe         |       |       |       |   300 |   816 |  1041 ||  2157
Throw: Dart              |       |       |       |       |     1 |       ||     1
Invok: Heroism           |       |       |     4 |    10 |    30 |    20 ||    64
       Finesse           |       |       |       |     2 |     2 |       ||     4
 Abil: Rolling Charge    |       |     7 |    11 |    28 |    15 |       ||    61
Evoke: Wand              |       |       |       |       |     4 |     4 ||     8
  Use: Potion            |       |     4 |       |     2 |     3 |     6 ||    15
       Scroll            |       |     2 |     7 |    18 |    14 |     7 ||    48
 Stab: Sleeping          |     5 |     6 |       |       |     9 |     2 ||    22
       Distracted        |       |       |       |     3 |    22 |    34 ||    59
Armor: Robe              |    52 |     6 |       |       |       |       ||    58
       Animal skin       |       |    85 |    22 |       |       |       ||   107
       Skin              |       |    16 |       |       |       |       ||    16
       Ring mail         |       |       |    58 |   177 |   503 |   492 ||  1230
       Plate armour      |       |       |       |       |       |   419 ||   419
Dodge: Dodged            |    64 |   145 |   174 |   227 |   554 |   426 ||  1590
Block: Buckler           |       |    19 |    17 |    38 |   248 |   377 ||   699
       Reflection        |       |       |       |       |     9 |    40 ||    49

Levels and vault maps discovered:
D:1:      dpeg_arrival_fog, layout_basic
D:2:      layout_basic, minivault_11, uniq_robin
D:3:      layout_loops_corners, portal_sewer_entry_c,
          ebering_ecumenical_altar_sacrificial, chequers_serial_rivers_room_a,
          minmay_randomly_rotated_circles
D:4:      layout_basic
D:5:      layout_basic, minmay_temple_entry_hall
D:6:      layout_loops_ring, enter_ossuary_3, serial_shops, shop_fountains,
          uniq_grinder
D:7:      cheibrodos_steamvent, layout_gridville
D:8:      layout_layer_cave, nicolae_tso_swordbearing_angel, lair_entry_dummy,
          serial_shops, shop_fountains
D:9:      layout_irregular_city, orc_david_3, enter_bailey_2,
          ebering_ghost_inner_flame, uniq_joseph, uniq_gastronok
D:10:     layout_basic, serial_shops, nicolae_diamond_shop, uniq_snorg
D:11:     layout_stronghold
D:12:     layout_cave_pools, serial_shops, shop, gammafunk_ghost_mausoleum,
          nicolae_gozag_seed_capital
D:13:     layout_rooms, david_vaults_1
D:14:     layout_small_grid, chequers_serial_rivers_room_a, uniq_rupert
D:15:     gammafunk_enter_depths_forms, layout_long_grid,
          gauntlet_entry_generic, nrook_uturn, minmay_pinched_square, uniq_kirke
Temple:   roderic_octagonal_lattice_temple
Lair:1:   layout_regular_city, grunt_megastairs_4
Lair:2:   wad_woods_tower, layout_regular_city, minmay_swamp_entry_worms,
          portal_ice_cave_entry_imps, uniq_prince_ribbit2
Lair:3:   layout_gridlike, gammafunk_ghost_arena
Lair:4:   layout_regular_city, dummy_spider_entry, infiniplex_staircase_pool_2,
          grunt_megastairs_5, serial_bayou_shore_b
Lair:5:   layout_loops_ring, dpeg_slime_entry_corner, serial_bayou_shore_b
Lair:6:   hangedman_lair_tendril_chambers, layout_loops_ring,
          hibernation_bobbens, lemuel_fruit_tree
Swamp:1:  layout_falls_marsh, gammafunk_ghost_split, evilmike_swamp_ruin_house_4
Swamp:2:  layout_basic_swamp, evilmike_swamp_ruin_wall
Swamp:3:  layout_basic_swamp, nicolae_swamp_well_well_well, swamp_pool3,
          nzn_swamp_weyward_sisters
Swamp:4:  swamp_vile, layout_basic_swamp, uniq_donald
Spider:1: layout_spider_delve
Spider:2: layout_spider_delve
Spider:3: layout_spider_delve, spiders_nest_spider_trap
Spider:4: grunt_spider_rune_circles
Orc:1:    layout_diamond_mine, uniq_sonja, uniq_maurice
Orc:2:    st_orc_mages, layout_caves, serial_shops, nicolae_shop_statue_plus,
          bh_open_orc_temple
Vaults:1: mu_enter_wizlab_1, hangedman_vaults_corner, hangedman_vaults_maws,
          nicolae_vaults_network_s, nicolae_vaults_hallways_thing,
          vaults_mumra_lcd, nicolae_vaults_inception_corners,
          hangedman_vaults_nodes, v_misc_5, vaults_room_fancy_cross,
          layout_vaults_omnibox, uniq_saint_roka

Notes
Turn   | Place    | Note
-------+----------+-------------------------------------------
     0 | D:1      | sanka the Palentonga Monk began the quest for the Orb.
     0 | D:1      | Reached XP level 1. HP: 19/19 MP: 1/1
   142 | D:1      | Reached XP level 2. HP: 24/25 MP: 2/2
   867 | D:2      | Reached skill level 4 in Axes
  1058 | D:2      | Reached XP level 3. HP: 17/31 MP: 3/3
  1729 | D:2      | Noticed Robin
  1733 | D:2      | Reached XP level 4. HP: 34/37 MP: 4/4
  1741 | D:2      | Killed Robin
  1742 | D:2      | Reached skill level 5 in Axes
  2550 | D:3      | Found a glowing drain.
  2851 | Sewer    | Entered a sewer
  2927 | Sewer    | Noticed a kobold brigand
  2942 | Sewer    | Killed a kobold brigand
  2943 | Sewer    | Reached skill level 6 in Axes
  2943 | Sewer    | Reached XP level 5. HP: 10/43 MP: 5/5
  3218 | Sewer    | Found a white marble altar of Elyvilon.
  3715 | D:3      | Found a faded altar of an unknown god.
  4199 | D:4      | Noticed a black bear
  4207 | D:4      | Killed a black bear
  4208 | D:4      | Reached skill level 1 in Shields
  4208 | D:4      | Reached XP level 6. HP: 25/50 MP: 6/6
  4385 | D:3      | Reached skill level 7 in Axes
  4673 | D:4      | Reached skill level 2 in Shields
  5106 | D:4      | Gained mutation: You curl defensively after being hit. (AC
                  | +7*) [Palentonga growth]
  5106 | D:4      | Reached XP level 7. HP: 41/55 MP: 7/7
  5650 | D:5      | Entered Level 5 of the Dungeon
  5679 | D:5      | Reached skill level 8 in Axes
  5745 | D:5      | Found a staircase to the Ecumenical Temple.
  5751 | Temple   | Entered the Ecumenical Temple
  5889 | Temple   | Became a worshipper of Warmaster Okawaru
  5889 | Temple   | Reached * piety under Okawaru
  5889 | Temple   | Reached ** piety under Okawaru
  6024 | D:5      | Reached skill level 2 in Invocations
  6041 | D:5      | Reached skill level 3 in Invocations
  6151 | D:5      | Reached skill level 4 in Invocations
  6345 | D:5      | Reached XP level 8. HP: 62/62 MP: 11/11
  6756 | D:6      | Reached skill level 3 in Dodging
  6828 | D:6      | Found Gytsus's Antique Weapon Shoppe.
  6834 | D:6      | Bought a transparent battleaxe for 218 gold pieces
  6834 | D:6      | Identified the +4 battleaxe of Armageddon {drain, rElec
                  | rC+} (You bought it in a shop on level 6 of the Dungeon)
  6906 | D:6      | Reached *** piety under Okawaru
  6907 | D:6      | Reached skill level 4 in Fighting
  7084 | D:6      | Found a sand-covered staircase.
  7102 | Ossuary  | Entered an ossuary
  7770 | D:6      | Reached skill level 9 in Axes
  7971 | D:6      | Noticed Grinder
  7980 | D:6      | Killed Grinder
  7981 | D:6      | Reached skill level 4 in Dodging
  8130 | D:7      | Reached skill level 5 in Fighting
  8134 | D:7      | Reached XP level 9. HP: 67/72 MP: 12/12
  8268 | D:7      | Reached **** piety under Okawaru
  8559 | D:7      | Identified +0 steam dragon scales
  8560 | D:7      | Reached skill level 10 in Axes
  8826 | D:7      | Identified a +0 crystal plate armour
  8910 | D:8      | Received a gift from Okawaru
  8911 | D:8      | Reached skill level 6 in Fighting
  8911 | D:8      | Reached skill level 5 in Dodging
  9039 | D:8      | Reached ***** piety under Okawaru
  9209 | D:8      | Reached skill level 11 in Axes
  9402 | D:8      | Noticed a manticore
  9408 | D:8      | Killed a manticore
  9409 | D:8      | Reached XP level 10. HP: 74/82 MP: 10/13
  9510 | D:8      | Found a glowing golden altar of the Shining One.
  9813 | D:8      | Found a staircase to the Lair.
  9836 | D:8      | Received a gift from Okawaru
  9866 | D:8      | Found Qonaadui's General Store.
  9887 | D:8      | Identified +0 steam dragon scales
 10291 | D:8      | Paralysed by a hornet for 3 turns
 10785 | D:9      | Noticed Joseph
 10795 | D:9      | Killed Joseph
 10796 | D:9      | Reached skill level 7 in Fighting
 10842 | D:9      | Found a flagged portal.
 10850 | D:9      | Identified the +4 hand axe "Inygar" {speed, Drain Int+7}
 10868 | Bailey   | Entered a bailey
 10883 | Bailey   | Noticed an orc warlord
 11152 | Bailey   | Noticed an orc knight
 11169 | Bailey   | Killed an orc knight
 11170 | Bailey   | Reached skill level 5 in Invocations
 11187 | Bailey   | Found a runed translucent gate.
 11187 | Bailey   | Found a runed translucent gate.
 11187 | Bailey   | Found a runed translucent gate.
 11233 | Bailey   | Killed an orc warlord
 11234 | Bailey   | Reached skill level 7 in Invocations
 11598 | D:9      | Acquired 781 gold pieces
 11600 | D:9      | Acquired 795 gold pieces
 11602 | D:9      | Acquired a +1 vampiric broad axe
 11693 | D:9      | Found a runed translucent door.
 11695 | D:9      | Noticed casual's ghost (novice OpTm)
 11695 | D:9      | Noticed a deep troll
 11698 | D:9      | Noticed Gastronok
 11721 | D:9      | Reached skill level 8 in Invocations
 12030 | D:9      | Found Bireo's Armour Boutique.
 12038 | D:9      | Killed Gastronok
 12038 | D:9      | Received a gift from Okawaru
 12039 | D:9      | Reached skill level 9 in Invocations
 12039 | D:9      | Reached XP level 11. HP: 69/89 MP: 15/18
 12147 | D:9      | Found a staircase to the Orcish Mines.
 12482 | D:9      | Reached skill level 10 in Invocations
 12639 | D:9      | Killed a deep troll
 12648 | D:9      | Killed casual's ghost
 12649 | D:9      | Reached skill level 12 in Axes
 12762 | D:10     | Entered Level 10 of the Dungeon
 12764 | D:10     | Found Vamalolo's Antique Weapon Shop.
 13214 | D:10     | Noticed Snorg
 13222 | D:10     | Killed Snorg
 13478 | D:8      | Bought a scroll of acquirement for 780 gold pieces
 13478 | D:8      | Acquired 495 gold pieces
 13480 | D:8      | Bought a +1 pair of gloves of stealth for 247 gold pieces
 13669 | D:11     | Reached skill level 13 in Axes
 13673 | D:11     | Reached skill level 6 in Dodging
 13679 | D:11     | Reached skill level 1 in Armour
 13827 | D:11     | Noticed a two-headed ogre
 13831 | D:11     | Killed a two-headed ogre
 13929 | D:11     | Reached skill level 2 in Armour
 14035 | D:11     | Reached skill level 8 in Fighting
 14035 | D:11     | Received a gift from Okawaru
 14195 | D:11     | Reached skill level 3 in Armour
 14388 | D:11     | Reached skill level 7 in Dodging
 14476 | D:11     | Reached XP level 12. HP: 98/98 MP: 19/19
 14952 | Lair:1   | Entered Level 1 of the Lair of Beasts
 15178 | Lair:1   | Reached skill level 4 in Armour
 15285 | Lair:1   | Noticed a five-headed hydra
 15299 | Lair:1   | Killed a five-headed hydra
 15598 | Lair:1   | Reached ****** piety under Okawaru
 15599 | Lair:1   | Reached skill level 5 in Armour
 15602 | Lair:1   | Reached skill level 8 in Dodging
 15790 | Lair:1   | Received a gift from Okawaru
 15791 | Lair:1   | Reached skill level 6 in Armour
 16436 | Lair:2   | Found a frozen archway.
 16471 | IceCv    | Entered an ice cave
 16482 | IceCv    | Reached skill level 7 in Armour
 16820 | IceCv    | Reached skill level 8 in Armour
 17149 | Lair:2   | Found a staircase to the Swamp.
 17165 | Lair:2   | Received a gift from Okawaru
 17180 | Lair:2   | Noticed Prince Ribbit
 17199 | Lair:2   | Killed Prince Ribbit
 17475 | Lair:2   | Noticed a five-headed hydra
 17488 | Lair:2   | Killed a five-headed hydra
 17489 | Lair:2   | Reached skill level 9 in Armour
 17489 | Lair:2   | Reached XP level 13. HP: 94/104 MP: 18/20
 18210 | Lair:3   | Received a gift from Okawaru
 18215 | Lair:3   | Reached skill level 10 in Armour
 18775 | Lair:3   | Found a transporter.
 18790 | Lair:3   | Noticed HazelSkye's ghost (journeyman MiBe)
 18864 | Lair:3   | Found a transporter.
 19283 | Lair:3   | Reached skill level 11 in Armour
 19284 | Lair:3   | Killed HazelSkye's ghost
 19959 | Lair:4   | Identified the +7 dagger "Dafep" {pain, SInv}
 20614 | Lair:4   | Found a hole to the Spider Nest.
 20793 | Lair:4   | Found the -2 hat of the Alchemist {rElec rPois rF+ rC+ rN+
                  | Will+ rMut rCorr}
 21103 | Lair:5   | Reached skill level 12 in Armour
 21187 | Lair:6   | Entered Level 6 of the Lair of Beasts
 21210 | Lair:6   | Received a gift from Okawaru
 21327 | Lair:6   | Reached XP level 14. HP: 88/112 MP: 21/21
 21547 | Lair:6   | Reached skill level 13 in Armour
 21959 | Lair:6   | HP: 8/112 [yak (6)]
 22599 | Lair:6   | Received a gift from Okawaru
 23979 | Lair:5   | Found a staircase to the Slime Pits.
 24491 | Lair:5   | Reached skill level 14 in Armour
 24620 | Orc:1    | Entered Level 1 of the Orcish Mines
 24679 | Orc:2    | Entered Level 2 of the Orcish Mines
 24742 | Orc:1    | Noticed Sonja
 24745 | Orc:1    | Killed Sonja
 24749 | Orc:1    | Received a gift from Okawaru
 24753 | Orc:1    | Reached skill level 9 in Fighting
 24771 | Orc:1    | Reached skill level 11 in Invocations
 25269 | Orc:2    | Found Vetappan's Antique Weapon Shop.
 25288 | Orc:2    | Found a staircase to the Elven Halls.
 25528 | Orc:1    | Noticed Maurice
 25601 | Orc:2    | Reached skill level 9 in Dodging
 25916 | Orc:1    | Killed Maurice
 25916 | Orc:1    | Identified the +0 troll leather armour "Xocrozod" {rF+ rC+
                  | Regen+ rCorr Slay-2} (Okawaru gifted it to you on level 1
                  | of the Orcish Mines)
 25916 | Orc:1    | Received a gift from Okawaru
 26181 | Orc:2    | Reached XP level 15. HP: 121/121 MP: 23/23
 26204 | Orc:2    | Found Nikuex's Antique Armour Emporium.
 26209 | Orc:2    | Found Ikec's Antique Armour Shoppe.
 26210 | Orc:2    | Found Fificul's Armour Shoppe.
 26214 | Orc:2    | Found Qofuhisu's Assorted Antiques.
 26606 | Orc:2    | Bought a pair of bloodstained gloves for 266 gold pieces
 26606 | Orc:2    | Identified the +1 pair of gloves of the Morning Star
                  | {+Blink Stlth+} (You bought it in a shop on level 2 of the
                  | Orcish Mines)
 26607 | Orc:2    | Upgraded the game from 0.28-a0-793-g31680bbd8b to
                  | 0.28-a0-794-gafe8c5f9e9
 26711 | D:12     | Found Ozewev's Book Boutique.
 26839 | D:12     | Found the +3 warlock's mirror {reflect}
 26842 | D:12     | Found a transporter.
 26855 | D:12     | Noticed sn0wgr3's ghost (journeyman MiFi)
 26907 | D:12     | Found an opulent altar of Gozag.
 26917 | D:12     | Found a transporter.
 27494 | D:12     | Killed sn0wgr3's ghost
 27573 | D:12     | Reached skill level 10 in Fighting
 28000 | D:13     | Identified 3 potions of resistance
 28058 | D:13     | Found the ring of the Tortoise {AC+8}
 28150 | D:13     | Reached skill level 12 in Invocations
 28265 | D:13     | Received a gift from Okawaru
 28400 | D:13     | Found a gate to the Vaults.
 29134 | D:14     | Reached skill level 1 in Evocations
 29515 | D:14     | Noticed Rupert
 29525 | D:14     | Killed Rupert
 29691 | D:14     | Reached skill level 2 in Evocations
 29768 | D:14     | Reached skill level 10 in Dodging
 30180 | D:15     | Entered Level 15 of the Dungeon
 30180 | D:15     | Noticed Kirke
 30193 | D:15     | Killed Kirke
 30193 | D:15     | Identified the +2 hunting sling of Disarray {flame, Str+3}
                  | (Okawaru gifted it to you on level 15 of the Dungeon)
 30193 | D:15     | Received a gift from Okawaru
 30242 | D:15     | Found a gate leading to a gauntlet.
 30264 | Gauntlet | Entered a Gauntlet
 30264 | Gauntlet | Found a transporter.
 30271 | Gauntlet | Found a transporter.
 30273 | Gauntlet | Found a transporter.
 30283 | Gauntlet | Found a transporter.
 30286 | Gauntlet | Found a transporter.
 30297 | Gauntlet | Found a transporter.
 30310 | Gauntlet | Found a transporter.
 30321 | Gauntlet | Found a transporter.
 30329 | Gauntlet | Found a runed translucent door.
 30333 | Gauntlet | Found a transporter.
 30336 | Gauntlet | Found a runed translucent door.
 30340 | Gauntlet | Found a transporter.
 30342 | Gauntlet | Found a transporter.
 30361 | Gauntlet | Found a transporter.
 30372 | Gauntlet | Found a transporter.
 30431 | Gauntlet | Found a transporter.
 30547 | Gauntlet | Acquired 1259 gold pieces
 30633 | Gauntlet | Identified the amulet "Sokokkel" {Acrobat rF+ rCorr Int+8
                  | Dex-5}
 30695 | Gauntlet | Identified the +6 trident "Qecutusm" {freeze, Stlth+}
 30706 | Gauntlet | Identified the +2 leather armour of Golden Joy {rC++ Dex+2
                  | Slay-6}
 30723 | Gauntlet | Identified the +0 chain mail "Noten" {rN+ Int+4 Stlth+}
 30853 | D:15     | Reached skill level 3 in Evocations
 31241 | D:15     | Reached skill level 11 in Fighting
 31249 | D:15     | Reached XP level 16. HP: 108/133 MP: 25/25
 31681 | D:15     | Reached skill level 15 in Armour
 31904 | D:15     | Found a staircase to the Depths.
 32002 | D:15     | Reached skill level 13 in Invocations
 32084 | D:15     | Reached skill level 4 in Evocations
 32096 | D:15     | Identified the +3 barding of Okawaru's Hatred {-Tele Dex+4
                  | Slay+3} (Okawaru gifted it to you on level 15 of the
                  | Dungeon)
 32096 | D:15     | Received a gift from Okawaru
 32895 | D:15     | Upgraded the game from 0.28-a0-794-gafe8c5f9e9 to
                  | 0.28-a0-816-gb054d885db
 33127 | Spider:1 | Entered Level 1 of the Spider Nest
 33556 | Spider:1 | Identified the amulet "Nyfin" {Acrobat +Inv rPois rF+
                  | Str+4}
 34213 | Spider:1 | Reached skill level 5 in Evocations
 34638 | Spider:2 | Identified the +7 quick blade of Ducsiseu {vorpal, rF+
                  | rC+++ Str-3 Stlth-} (Okawaru gifted it to you on level 2 of
                  | the Spider Nest)
 34638 | Spider:2 | Received a gift from Okawaru
 34676 | Spider:2 | Reached skill level 11 in Dodging
 34698 | Spider:2 | Reached skill level 12 in Fighting
 35069 | Spider:2 | Reached skill level 14 in Invocations
 35144 | Spider:2 | Upgraded the game from 0.28-a0-816-gb054d885db to
                  | 0.28-a0-845-gfc338a8e3c
 36011 | Spider:2 | Reached skill level 6 in Evocations
 36301 | Spider:2 | HP: 13/135 [poisoned by a redback]
 36306 | Spider:2 | HP: 10/135 [poisoned by a redback]
 36710 | Spider:3 | Identified the +3 barding of Courage {rF+ Int+5 Dex-2}
                  | (Okawaru gifted it to you on level 3 of the Spider Nest)
 36710 | Spider:3 | Received a gift from Okawaru
 37073 | Spider:3 | Reached XP level 17. HP: 68/144 MP: 27/27
 38791 | Spider:4 | Entered Level 4 of the Spider Nest
 38819 | Spider:4 | Reached skill level 7 in Evocations
 38833 | Spider:4 | Received a gift from Okawaru
 39200 | Spider:4 | Reached skill level 13 in Fighting
 40489 | Spider:4 | Reached skill level 15 in Invocations
 40562 | Spider:4 | Identified the +7 plate armour of Negligence {Str+4}
                  | (Okawaru gifted it to you on level 4 of the Spider Nest)
 40562 | Spider:4 | Received a gift from Okawaru
 40563 | Spider:4 | Reached skill level 12 in Dodging
 40824 | Spider:4 | Reached skill level 8 in Evocations
 41139 | Spider:4 | HP: 14/146 [poisoned by an emperor scorpion]
 41144 | Spider:4 | HP: 10/146 [poisoned by an emperor scorpion]
 41643 | Spider:4 | Got a gossamer rune of Zot
 42067 | Swamp:1  | Entered Level 1 of the Swamp
 42399 | Swamp:1  | Reached skill level 14 in Fighting
 42536 | Swamp:1  | Noticed bmj180's ghost (adept GrEE)
 42537 | Swamp:1  | Identified the +8 falchion "Itatac" {venom, Fly}
 42826 | Swamp:1  | Identified the +10 dagger of the Pits of Slime {spect,
                  | rCorr Int+3}
 42830 | Swamp:1  | Found a runed translucent gate.
 42830 | Swamp:1  | Found a runed translucent gate.
 42830 | Swamp:1  | Found a runed translucent gate.
 42895 | Swamp:1  | HP: 7/149 [bmj180's ghost/stone arrow (37)]
 42900 | Swamp:1  | HP: 10/149 [bmj180's ghost/stone arrow (6)]
 43453 | Swamp:1  | Killed bmj180's ghost
 43454 | Swamp:1  | Reached skill level 15 in Fighting
 43692 | Swamp:2  | Noticed a tentacled monstrosity
 43694 | Swamp:2  | Identified +0 swamp dragon scales
 43703 | Swamp:2  | Killed a tentacled monstrosity
 43704 | Swamp:2  | Reached XP level 18. HP: 149/159 MP: 29/29
 44049 | Swamp:2  | Identified the +8 chain mail of the Fig {Regen+}
 44060 | Swamp:2  | Identified a +2 robe of resistance (Okawaru gifted it to
                  | you on level 2 of the Swamp)
 44060 | Swamp:2  | Received a gift from Okawaru
 44957 | Swamp:3  | Reached skill level 16 in Armour
 45095 | Swamp:3  | Identified the +5 ring mail of Hedonism {rElec Str+4 Dex+2}
 45545 | Swamp:3  | Found a runed translucent door.
 45688 | Swamp:4  | Entered Level 4 of the Swamp
 45688 | Swamp:4  | Noticed Donald
 45701 | Swamp:4  | Killed Donald
 45702 | Swamp:4  | Identified +0 swamp dragon scales
 45715 | Swamp:4  | Reached skill level 17 in Armour
 46571 | Swamp:4  | Noticed a tentacled monstrosity
 46576 | Swamp:4  | Identified +0 swamp dragon scales
 46581 | Swamp:4  | Killed a tentacled monstrosity
 46886 | Swamp:4  | Identified the +8 broad axe of the Lumpy Princes {vorpal,
                  | Str+4} (Okawaru gifted it to you on level 4 of the Swamp)
 46886 | Swamp:4  | Received a gift from Okawaru
 46887 | Swamp:4  | Reached skill level 18 in Armour
 47129 | Swamp:4  | Identified +0 swamp dragon scales
 47133 | Swamp:4  | Identified +0 swamp dragon scales
 47370 | Swamp:4  | Received a gift from Okawaru
 47370 | Swamp:4  | Found the +5 robe of Misfortune {Contam Harm *Corrode Drain
                  | *Slow EV+5}
 47475 | Swamp:4  | Got a decaying rune of Zot
 47756 | Vaults:1 | Entered Level 1 of the Vaults
 47976 | Vaults:1 | Found the ring of the Octopus King
 48005 | Vaults:1 | Identified a ring of the Octopus King {rCorr AC+1 EV+1
                  | Str+1 Int+1 Dex+1}
 48015 | Vaults:1 | Noticed Saint Roka
 48015 | Vaults:1 | Found a magical portal.
 48025 | Vaults:1 | HP: 14/159 [Saint Roka/divine providence (11)]
 48035 | Vaults:1 | Shot with a bolt by a yaktaur

Vanquished Creatures
  2 tentacled monstrosities
  Rupert (D:14)
  Gastronok (D:9)
  2 thorn hunters
  The ghost of bmj180 the Earth Mage, an adept GrEE of Vehumet (Swamp:1)
  Donald (Swamp:4)
  Kirke (D:15)
  4 fenstrider witches
  A vault warden (Vaults:1)
  8 emperor scorpions
  4 ghost moths
  An orc warlord (Bailey)
  A very ugly thing (Swamp:4)
  An ironbound preserver (Vaults:1)
  A vampire knight (D:12)
  A minotaur (Gauntlet)
  2 entropy weavers
  A spark wasp (Spider:4)
  The ghost of HazelSkye the Cruncher, a journeyman MiBe of Trog (Lair:3)
  The ghost of sn0wgr3 the Protected, a journeyman MiFi of Cheibriados (D:12)
  2 eleionomae
  2 green deaths (Swamp:4)
  Snorg (D:10)
  4 shambling mangroves
  A great orb of eyes (Swamp:4)
  19 hydras
  2 ghost crabs
  2 hell beasts (Swamp:4)
  8 centaur warriors
  4 boulder beetles
  A spriggan air mage (Swamp:1)
  6 two-headed ogres
  3 ironbound frosthearts (Vaults:1)
  2 death knights
  4 tengu warriors
  4 alligators
  5 death yaks (Lair:6)
  5 orc high priests (Orc:2)
  A thrashing horror (Swamp:4)
  The ghost of casual the Nimble, a novice OpTm of Cheibriados (D:9)
  Sonja (Orc:1)
  A fire crab (D:15)
  A shadow wraith (D:12)
  5 skeletal warriors
  3 glowing orange brains
  5 goliath frogs
  2 death drakes (Swamp:1)
  4 deep trolls
  A wizard (D:13)
  7 bog bodies
  10 swamp dragons
  5 orc knights
  A necromancer (D:12)
  2 deep elf pyromancers
  29 ugly things
  20 orb spiders
  3 orc sorcerers
  A wolf spider (shapeshifter) (D:15)
  28 wolf spiders
  10 cyclopes
  9 will-o-the-wisps
  2 manticores
  Joseph (D:9)
  Maurice (Orc:1)
  A guardian serpent (Lair:6)
  8 elephants
  A moth of wrath (Spider:4)
  15 black mambas
  3 ice statues (IceCv)
  A vault sentinel (Vaults:1)
  2 torpor snails
  2 large abominations (Swamp:4)
  2 orange demons (Swamp:4)
  An unseen horror (D:13)
  13 cane toads
  4 rime drakes
  17 demonic crawlers
  3 yaktaurs (Vaults:1)
  An anaconda simulacrum (IceCv)
  11 komodo dragons
  2 kobold demonologists (D:11)
  2 ice devils (Gauntlet)
  An entropy weaver simulacrum (IceCv)
  2 tengu conjurers (D:14)
  3 freezing wraiths
  A spectral harpy (D:12)
  3 meliai (D:15)
  41 jumping spiders
  7 trolls
  3 polar bears
  12 tyrant leeches
  22 slime creatures
  Prince Ribbit (Lair:2)
  26 hornets
  Grinder (D:6)
  16 blink frogs
  108 redbacks
  5 shadows
  13 spriggans
  2 dire elephant simulacra (IceCv)
  2 vampires
  19 wyverns
  56 yaks
  31 tarantellas
  A human (Swamp:3)
  2 basilisks (D:15)
  4 steam dragons
  15 vampire mosquitoes
  3 wraiths
  5 hogs (D:15)
  A death yak simulacrum (IceCv)
  5 wargs
  18 swamp worms
  28 water moccasins
  4 swamp drakes
  A sky beast (D:7)
  29 orc warriors
  An ice beast (D:8)
  A small abomination (Swamp:4)
  A spectral hornet (D:12)
  4 black bears
  20 wolves
  10 ogres
  13 centaurs
  13 bullfrogs
  A phantom (D:5)
  5 kobold brigands
  A cane toad simulacrum (IceCv)
  An elephant simulacrum (IceCv)
  3 wights (D:9)
  4 electric eels
  5 centaur zombies
  2 bullfrog zombies
  4 hounds
  A jelly (D:4)
  A gnoll shaman (D:4)
  27 orc priests
  34 orc wizards
  2 polar bear simulacra (IceCv)
  A wolf simulacrum (IceCv)
  A killer bee zombie (D:7)
  2 hound zombies (D:5)
  14 mummies (Ossuary)
  A howler monkey zombie (D:7)
  Robin (D:2)
  13 gnolls
  9 adders
  3 river rats
  A shadow imp (D:7)
  18 white imps
  An ufetubus (D:7)
  An adder skeleton (D:4)
  4 worms
  80 orcs
  5 bats
  4 endoplasms
  6 giant cockroaches
  17 goblins
  8 hobgoblins
  4 jackals
  4 ball pythons
  9 frilled lizards
  2 gnoll skeletons (Ossuary)
  2 goblin skeletons (Ossuary)
  37 kobolds
  A kobold zombie (D:6)
  4 orc skeletons (Ossuary)
  11 rats
  11 rat skeletons (Ossuary)
  10 briar patches
1284 creatures vanquished.

Vanquished Creatures (others)
  A goliath frog (Swamp:1)
  A bloated husk (Swamp:1)
  A hornet (Swamp:4)
  2 redbacks
  An orc wizard (Orc:1)
  A briar patch (Swamp:4)
  A demonic plant (Gauntlet)
  56 foxfires
  72 fungi
  100 plants
236 creatures vanquished.

Grand Total: 1520 creatures vanquished
